 Dungeon Crawl Stone Soup version 0.31-a0-574-g69dc8cc98e (webtiles) character file.

Game seed: 12962500324326881620

78 avis the Changeling (level 4, 0/30 HPs)
             Began as a Felid Shapeshifter on Aug 19, 2023.
             Succumbed to a water moccasin's poison
             ... on level 4 of the Dungeon.
             The game lasted 00:11:17 (2983 turns).

avis the Changeling (Felid Shapeshifter)            Turns: 2983, Time: 00:11:18

Health: 0/30       AC: 22    Str: 11    XL:     4   Next: 15%
Magic:  5/5        EV:  4    Int:  9    God:
Gold:   175        SH:  0    Dex: 19    Spells: 1/3 levels left
                                        Lives:  0   Deaths: 1

rFire   . .          .
                       - Unarmed
rCold   . . .        (shield unavailable)
rNeg    . . .        (body armour unavailable)
rPois   +            (helmet unavailable)
rElec   .            (cloak unavailable)
rCorr   .            (gloves unavailable)
SInv    +            (boots unavailable)
Will    .....        (no amulet)
Stlth   ++           (no ring)
HPRegen 0.25/turn    (no ring)
MPRegen 0.09/turn

%: no passive effects
@: lethally poisoned (0 -> -6), tree-form
A: stationary, stasis, torment immunity, boosted hp, very small, (claws 1),
(fangs 3), see invisible, (speed 1), (shaggy fur 1), (stealthy paws), no weapons
or thrown items, no armour, multi-lived
a: no special abilities


You were on level 4 of the Dungeon.
You were a tree.
You visited 1 branch of the dungeon, and saw 4 of its levels.

You collected 175 gold pieces.

Inventory:

Talismans
 b - a beast talisman
 c - a flux talisman
Scrolls
 e - a scroll of torment {unknown}
 f - a scroll of revelation {unknown}
 j - a scroll of poison {unknown}
Potions
 a - a potion of lignification
 d - a potion of brilliance
 h - 2 potions of might
 i - a potion of mutation
 k - a potion of enlightenment
 l - a potion of haste {unknown}


   Skills:
 + Level 2.3 Fighting
 + Level 3.9 Dodging
 + Level 3.7 Unarmed Combat
 * Level 4.4 Shapeshifting


You had one spell level left.
You knew the following spells:

 Your Spells              Type           Power      Damage    Failure   Level
a - Slow                  Hex            0%         N/A       38%         1
b - Summon Small Mammal   Summ           0%         N/A       38%         1

Your spell library contained the following spells:

 Spells                   Type           Power      Damage    Failure   Level
 Call Canine Familiar     Summ           0%         N/A       77%         3
 Confusing Touch          Hex            0%         N/A       77%         3
 Dazzling Flash           Conj/Hex       0%         N/A       77%         3
 Summon Guardian Golem    Hex/Summ       0%         N/A       77%         3
 Vampiric Draining        Necr           0%         2d6       77%         3
 Agony                    Necr           0%         N/A       100%        5
 Silence                  Hex/Air        0%         N/A       100%        5


Dungeon Overview and Level Annotations

Branches:
Dungeon (4/15)
 Temple: D:4-7

Altars:

Annotations:
D:4 2 transporters


Innate Abilities, Weirdness & Mutations

You are a tree.
Your roots penetrate the ground, keeping you stationary.
You cannot be teleported.
You are immune to unholy pain and torment.
Your maximum health is greatly increased.
((You have sharp claws.))
((You have razor-sharp teeth.))
You have supernaturally acute eyesight. (SInv)
((You cover ground quickly. (Speed+)))
((You are covered in fur. (AC +1)))
((Your paws help you pounce on unaware monsters.))
You are incapable of wielding weapons or throwing items.
You cannot wear armour.
You gain extra lives every three experience levels.


Message History

You scratch the water moccasin.
The water moccasin is lightly wounded.
The water moccasin barely misses you. The water moccasin bites you.
You scratch the water moccasin. You bite the water moccasin.
The water moccasin is moderately wounded.
The water moccasin closely misses you.
You miss the water moccasin. You bite the water moccasin.
The water moccasin is moderately wounded.
The water moccasin completely misses you.
You scratch the water moccasin but do no damage.
The water moccasin is moderately wounded.
The water moccasin bites you.
You claw the water moccasin! Your claw misses the water moccasin.
The water moccasin is severely wounded.
The water moccasin closely misses you. The water moccasin bites you.
You barely miss the water moccasin.
The water moccasin is severely wounded.
The water moccasin completely misses you.
You barely miss the water moccasin.
The water moccasin is severely wounded.
The water moccasin closely misses you.
You scratch the water moccasin.
The water moccasin is almost dead.
The water moccasin bites you.
* * * LOW HITPOINT WARNING * * *
You are lethally poisoned!
The water moccasin poisons you!
The water moccasin completely misses you.
You closely miss the water moccasin.
The water moccasin is almost dead.
* * * LOW HITPOINT WARNING * * *
You feel very sick. The water moccasin closely misses you.
You miss the water moccasin.
The water moccasin is almost dead.
* * * LOW HITPOINT WARNING * * *
You feel sick. The water moccasin closely misses you.
Your transformation has ended.
You turn into a tree.
Your roots penetrate the ground.
You die...

#.####...# #.#..#######
#...##...# #.#......©..
#.####...###.#........#
#.####.......#..##...##
#........##............
#.#...#####.##.....####
#.#.#.# #.##..#####
#.#.#.#####.##......+
#.....♣S........#####
#####..####.##......+
#..####.##..#####
#..#............
#..#.##.##.##### ....
...##.# #..#.#####.#
#..#. .# #


You could see a water moccasin.

Vanquished Creatures
  The ghost of GoodGuyCap the Changeling, a weakling OpSh (D:3)
  A sleepcap (D:3)
  An adder (D:3)
  2 worms
  A dart slug (D:1)
  An orc (D:3)
  13 ball pythons
  7 endoplasms
  7 giant cockroaches
  4 goblins
  6 hobgoblins
  4 jackals
  6 kobolds
  2 quokkas
  7 bats
  4 frilled lizards
  2 rats
69 creatures vanquished.

Notes
Turn   | Place    | Note
-------+----------+-------------------------------------------
     0 | D:1      | avis the Felid Shapeshifter began the quest for the Orb.
     0 | D:1      | Reached XP level 1. HP: 9/9 MP: 2/2
    85 | D:1      | Reached XP level 2. HP: 7/12 MP: 3/3
   433 | D:1      | Reached XP level 3. HP: 15/15 MP: 4/4
  1641 | D:2      | Learned a level 1 spell: Slow
  1643 | D:2      | Learned a level 1 spell: Summon Small Mammal
  1893 | D:3      | Found a runed translucent gate.
  1894 | D:3      | Found a runed translucent gate.
  1915 | D:3      | Reached skill level 4 in Shapeshifting
  1915 | D:3      | Reached XP level 4. HP: 9/19 MP: 5/5
  2182 | D:3      | Found a runed translucent gate.
  2184 | D:3      | Noticed GoodGuyCap's ghost (weakling OpSh)
  2814 | D:3      | Killed GoodGuyCap's ghost
  2815 | D:3      | Reached XP level 5. HP: 16/22 MP: 4/6
  2909 | D:4      | Noticed a water moccasin
  2909 | D:4      | Noticed a centaur
  2921 | D:4      | Mangled by a wight
  2922 | D:4      | Reached XP level 4. HP: -6/19 MP: 5/5
  2927 | D:4      | Found a transporter.
  2932 | D:4      | Noticed a bullfrog
  2933 | D:4      | Found a transporter.
  2933 | D:4      | Noticed a yak
  2934 | D:4      | Noticed a black bear
  2943 | D:4      | Noticed a yak
  2982 | D:4      | HP: 1/20 [poisoned by a water moccasin]
  2983 | D:4      | Succumbed to a water moccasin's poison

Illustrated notes

Levels and vault maps discovered:
D:1:      spicycebolla_green_bress_n_ham_2, layout_loops_corners
D:2:      minmay_wonky_spiral, layout_loops_ring
D:3:      layout_basic, gammafunk_ghost_split, hangedman_decor_points,
          minmay_misc_feat_encased
D:4:      layout_basic, gammafunk_temple_overflow_arena, temple_green,
          dk_vineyard_2, minmay_manual_moon

Skill      XL: |  1  2  3  4 |
---------------+-------------+-----
Dodging        | 3 |  3.9
Shapeshifting  | 4 |  4.4
Fighting       | 2 |  2.3
Unarmed Combat | |  3.7

Action                     |  1- 3 |  4- 6 || total
---------------------------+-------+-------++-------
  Melee: Unarmed           |    95 |    62 ||   157
         Bite              |    15 |     5 ||    20
         Punch             |     2 |     2 ||     4
   Cast: Slow              |       |     1 ||     1
    Use: Potion            |       |     1 ||     1
         Scroll            |       |     4 ||     4
   Stab: Sleeping          |     5 |     4 ||     9
 Armour: Skin              |     3 |       ||     3
  Dodge: Dodged            |    67 |    44 ||   111

Table legend: (Time is in decaauts)
 A = Elapsed time spent in this place.
 B = Non-inter-level travel time spent in this place.
 C = Inter-level travel time spent in this place.
 D = Time resting spent in this place.
 E = Time spent auto-exploring this place.
 F = Levels seen in this place.
 G = Mean time per level.
                   A        B        C        D        E       F      G
               +--------+--------+--------+--------+--------+-----+--------+
         Total |   2474 |   2283 |    191 |    188 |   1549 |   4 |  618.5 |
       Dungeon |   2474 |   2283 |    191 |    188 |   1549 |   4 |  618.5 |
               +--------+--------+--------+--------+--------+-----+--------+

Top non-repeatable levels by time:
     D:3: 909 daAuts
     D:1: 841 daAuts
     D:2: 663 daAuts
     D:4: 60 daAuts
